 Dungeon Crawl Stone Soup version 0.28-b1-25-g9875b3fc8c (webtiles) character file.

Game seed: 10111698760517489531

2933 pkoi the Archer (level 9, -14/75 HPs)
             Began as a Minotaur Hunter on Feb 1, 2022.
             Demolished by Grum (16 damage)
             ... on level 8 of the Dungeon.
             The game lasted 00:09:03 (9130 turns).

pkoi the Archer (Minotaur Hunter)                   Turns: 9130, Time: 00:09:04

Health: -14/75     AC:  4    Str: 18    XL:     9   Next: 51%
Magic:  8/8        EV: 13    Int:  8    God:
Gold:   450        SH:  0    Dex: 14    Spells: 8/8 levels left

rFire   . . .      SeeInvis .   a - +2 shortbow (vorpal)
rCold   . . .      Faith    .   (shield currently unavailable)
rNeg    . . .      Spirit   .   c - +1 leather armour
rPois   .          Reflect  .   (helmet restricted)
rElec   .          Harm     .   (no cloak)
rCorr   .          Rampage  .   (no gloves)
Will    .....                   (no boots)
Stlth   ++........              (no amulet)
HPRegen 0.22/turn               (no ring)
MPRegen 0.11/turn               (no ring)

@: no status effects
A: horns 2, retaliatory headbutt
a: no special abilities


You were on level 8 of the Dungeon.
You visited 2 branches of the dungeon, and saw 9 of its levels.
You also visited: Ossuary.

You collected 450 gold pieces.

Inventory:

Hand Weapons
 a - a +2 vorpal shortbow (weapon)
 b - a +1 dagger of flaming
 h - a +0 short sword
Missiles
 d - 59 arrows (quivered ammo)
 n - 20 poisoned darts
 w - 8 curare-tipped darts
Armour
 c - a +1 leather armour (worn)
Jewellery
 q - an amulet of faith
Wands
 f - a wand of flame (38)
 m - a wand of mindburst (7)
 r - a wand of iceblast (21)
 x - a wand of acid (7)
Scrolls
 e - 3 scrolls of teleportation
 g - 2 scrolls of fear
 j - a scroll of identify
 k - a scroll of magic mapping
 o - 3 scrolls of amnesia
 u - a scroll of enchant armour
Potions
 i - 6 potions of curing
 l - a potion of lignification
 p - 7 potions of heal wounds {unknown}
 s - 2 potions of haste {unknown}
 t - a potion of resistance {unknown}
 v - a potion of brilliance {unknown}
 z - a potion of invisibility {unknown}


   Skills:
 + Level 5.6 Fighting
 + Level 11.4 Bows
 + Level 5.2 Dodging
 + Level 4.4 Stealth
 + Level 3.7 Evocations


You had 8 spell levels left.
You didn't know any spells.
Your spell library contained the following spells:

 Spells                   Type           Power      Damage    Failure   Level
 Magic Dart               Conj           0%         1d3       45%         1
 Call Imp                 Summ           0%         N/A       61%         2
 Mephitic Cloud           Conj/Pois/Air  0%         N/A       83%         3
 Ozocubu's Armour         Ice            0%         N/A       83%         3
 Stone Arrow              Conj/Erth      0%         3d7       83%         3
 Animate Armour           Summ/Erth      0%         N/A       99%         4
 Ozocubu's Refrigeration  Ice            0%         4d5       100%        7
 Lehudib's Crystal Spear  Conj/Erth      0%         10d2      100%        8


Dungeon Overview and Level Annotations

Branches:
Dungeon (8/15)             Temple (1/1) D:6         Ossuary (visited)
   Lair: D:8-11

Altars:
Ashenzari
Cheibriados
Elyvilon
Fedhas
Hepliaklqana
Kikubaaqudgha
Okawaru
Ru
Sif Muna
Trog
Uskayaw
Vehumet
Wu Jian
Xom
Yredelemnul
Zin
The Shining One

Shops:
D:2 ([[   D:5 (   D:8 *?:

Annotations:
D:8 Grum


Innate Abilities, Weirdness & Mutations

You have a pair of horns on your head.
You reflexively headbutt those who attack you in melee.


Message History

Grum barely misses you. The wolf bites you.
Fire: 64 arrows
Press: ? - help, Q - select action, (/) - cycle Shift-Dir - straight line, f/p - wolf
Aim: a wolf (almost dead, 54% to hit)
You shoot an arrow. The arrow hits the wolf!
You kill the wolf!
Grum closely misses you. The wolf closely misses you.
Fire: 63 arrows
Press: ? - help, Q - select action, (/) - cycle Shift-Dir - straight line, f - wolf
Aim: a wolf (lightly wounded, 54% to hit)
You shoot an arrow. The arrow hits the wolf.
The wolf is moderately wounded.
The wolf closely misses you.
Fire: 62 arrows
Press: ? - help, Q - select action, (/) - cycle Shift-Dir - straight line, f/p - wolf
Aim: a wolf (moderately wounded, 54% to hit)
You shoot an arrow. The arrow barely misses the wolf.
The arrow barely misses Grum.
Grum hits you from afar with a +0 halberd!
* * * LOW HITPOINT WARNING * * *
The wolf bites you.
* * * LOW HITPOINT WARNING * * *
Fire: 61 arrows
Press: ? - help, Q - select action, (/) - cycle Shift-Dir - straight line, f/p - wolf
Aim: a wolf (moderately wounded, 54% to hit)
You shoot an arrow. The arrow hits the wolf.
The wolf is moderately wounded.
The wolf barely misses you.
Grum shouts, "Duke!
Good boy!"
Grum hits you from afar with a +0 halberd!
* * * LOW HITPOINT WARNING * * *
Fire: 60 arrows
Press: ? - help, Q - select action, (/) - cycle Shift-Dir - straight line, f/p - wolf
Aim: a wolf (moderately wounded, 54% to hit)
You shoot an arrow. The arrow misses the wolf.
The arrow hits Grum but does no damage.
Grum is lightly wounded.
The wolf closely misses you. You furiously retaliate!
You headbutt the wolf.
Grum hits you from afar with a +0 halberd!
You die...

...........(##### #.. #
#..#.........(..##...##
##.#...................
..........(..##>.......
................#....##
?.........#....###..###
#.....g...#..##...##.
....##h....#...#......
..# #@##.###..........
###...........(...
##...........##.
#.......†..##..
##≈##..PP.........[
...≈...P∩P.#.....###
...≈....PP.#.≈≈≈≈≈≈≈
...≈.......#........
..#≈#....#.......≈≈.


You could see Grum and a wolf.

Vanquished Creatures
  A water moccasin (D:8)
  An ice beast (D:4)
  3 ogres
  A black bear (D:7)
  A hornet zombie (D:7)
  2 centaurs (D:6)
  2 wolves (D:8)
  A kobold brigand (D:6)
  3 bullfrogs
  A scorpion (D:6)
  An elf zombie (Ossuary)
  A water moccasin skeleton (D:7)
  A wyvern skeleton (D:7)
  3 jellies
  7 wights (D:7)
  A howler monkey (D:5)
  3 centaur zombies
  2 human zombies (Ossuary)
  5 hounds
  A bullfrog zombie (D:5)
  A gnoll shaman (D:4)
  An orc priest (D:7)
  3 iguanas
  4 orc wizards
  2 mummies (Ossuary)
  6 gnolls
  6 adders
  4 white imps
  An adder zombie (Ossuary)
  A worm (D:5)
  6 dart slugs
  27 orcs
  6 bats
  7 endoplasms
  3 giant cockroaches
  2 goblins
  9 hobgoblins
  4 jackals (D:3)
  8 quokkas
  10 ball pythons
  2 frilled lizards (D:1)
  A goblin zombie (Ossuary)
  11 hobgoblin zombies (Ossuary)
  A jackal skeleton (D:4)
  2 jackal zombies (Ossuary)
  12 kobolds
  6 kobold zombies (Ossuary)
  10 orc zombies (Ossuary)
  5 rats
202 creatures vanquished.

Vanquished Creatures (collateral kills)
  An orc warrior (D:8)
  An orc priest (D:8)
  A gnoll shaman (D:8)
  2 gnolls (D:8)
  An orc (D:8)
6 creatures vanquished.

Vanquished Creatures (others)
  2 plants
2 creatures vanquished.

Grand Total: 210 creatures vanquished

Notes
Turn   | Place    | Note
-------+----------+-------------------------------------------
     0 | D:1      | pkoi the Minotaur Hunter began the quest for the Orb.
     0 | D:1      | Reached XP level 1. HP: 18/18 MP: 0/0
   214 | D:1      | Reached XP level 2. HP: 23/25 MP: 1/1
   325 | D:1      | Reached skill level 5 in Bows
   844 | D:1      | Reached XP level 3. HP: 30/30 MP: 2/2
   848 | D:1      | Found a faded altar of an unknown god.
   948 | D:2      | Found Ixyceas's Weapon Boutique.
  1028 | D:2      | Found Cahi Yli's Armour Shoppe.
  1317 | D:2      | Found Viehagy's Armour Emporium.
  1342 | D:2      | Reached skill level 1 in Stealth
  1349 | D:2      | Reached skill level 6 in Bows
  1349 | D:2      | Reached XP level 4. HP: 29/37 MP: 3/3
  2500 | D:3      | Found a broken altar of Ashenzari.
  3007 | D:3      | Noticed an ogre
  3014 | D:3      | Killed an ogre
  3015 | D:3      | Reached skill level 7 in Bows
  3015 | D:3      | Reached XP level 5. HP: 42/42 MP: 4/4
  3074 | D:3      | Saw a vision of the Swamp and the Snake Pit.
  3074 | D:3      | Noticed a black mamba
  3074 | D:3      | Noticed a naga mage
  3074 | D:3      | Noticed a black mamba
  3074 | D:3      | Noticed a black mamba
  3074 | D:3      | Noticed an alligator
  3076 | D:3      | Noticed a naga
  3076 | D:3      | Noticed a goliath frog
  3078 | D:3      | Noticed a swamp drake
  3891 | D:4      | Reached XP level 6. HP: 45/50 MP: 5/5
  3906 | D:4      | Reached skill level 8 in Bows
  4334 | D:4      | Noticed an ice beast
  4341 | D:4      | Killed an ice beast
  4456 | D:5      | Entered Level 5 of the Dungeon
  4535 | D:5      | Reached skill level 9 in Bows
  4535 | D:5      | Reached XP level 7. HP: 46/56 MP: 6/6
  4973 | D:5      | Reached skill level 10 in Bows
  5022 | D:5      | Found Piczosu's Weapon Shop.
  5406 | D:6      | Found a sand-covered staircase.
  5417 | Ossuary  | Entered an ossuary
  5618 | Ossuary  | Reached XP level 8. HP: 43/62 MP: 7/7
  5659 | Ossuary  | Reached skill level 1 in Evocations
  6561 | D:6      | Found a staircase to the Ecumenical Temple.
  7157 | Temple   | Entered the Ecumenical Temple
  7354 | D:7      | Reached skill level 11 in Bows
  7377 | D:7      | Reached XP level 9. HP: 68/72 MP: 8/8
  7934 | D:7      | Reached skill level 5 in Fighting
  8431 | D:7      | Found a hazy altar of Hepliaklqana.
  8530 | D:7      | Found a bloodstained altar of Trog.
  8700 | D:8      | Found Vine's Magic Scroll Shop.
  9066 | D:8      | Found Fedefi's Assorted Antiques.
  9074 | D:8      | Reached skill level 5 in Dodging
  9094 | D:8      | Found Coich's Book Emporium.
  9109 | D:8      | Noticed Grum
  9129 | D:8      | HP: 1/75 [Grum (16)]
  9130 | D:8      | Demolished by Grum

Illustrated notes

Levels and vault maps discovered:
D:1:      heliophobic_arrival_enchanted_forest, layout_loops_ring,
          shapermc_ecumenical_altar_acropolis, chequers_serial_rivers_marsh,
          serial_park_tiny_1, minmay_misc_feat_pillars, serial_bayou_lagoon_a,
          minmay_strange_pillars, corexii_leaking_fountain
D:2:      layout_basic, serial_shops,
          nicolae_shop_temple_entry_statues_fountains,
          nicolae_shop_bloodbath_and_beyond, shop, serial_curves,
          eino_curves_04, eino_curves_01
D:3:      layout_rooms, grunt_ashenzari_visionary
          [grunt_ashenzari_visionary_swamp, grunt_ashenzari_visionary_snake]
D:4:      layout_basic
D:5:      layout_loops_cross, serial_shops, nicolae_shop_behind_doors,
          gup_sewer_entry_bubbles
D:6:      layout_loops_corners, minmay_temple_entry_butterflies,
          lightli_ossuary_entry_decrepit_ruins
D:7:      layout_basic, marbit_many_paths, mainiacjoe_overflow_six_doors_small
D:8:      minmay_chambers_of_sixes, layout_cave_pools,
          nicolae_dithmenos_shadow_blocks, serial_rivers,
          chequers_serial_rivers_micro_e, chequers_serial_rivers_micro_a,
          chequers_serial_rivers_micro_e, chequers_serial_rivers_micro_a,
          chequers_serial_rivers_small_b, serial_shops, kennysheep_little_box,
          shop, nicolae_shop_overgrown_old_shop, nicolae_shop_crystal,
          uniq_harold, uniq_grum, uniq_joseph
Temple:   nicolae_temple_great_sept

Skill      XL: |  1  2  3  4  5  6  7  8  9 |
---------------+----------------------------+-----
Bows           | 5 6 7 9 10 11 | 11.4
Stealth        | 1 2 3 4 |  4.4
Fighting       | 4 5 |  5.6
Evocations     | 2 3 |  3.7
Dodging        | 4 5 |  5.2

Action                   |  1- 3 |  4- 6 |  7- 9 || total
-------------------------+-------+-------+-------++-------
Melee: Dagger            |    73 |    95 |       ||   168
       Headbutt          |    10 |     9 |       ||    19
       Punch             |     2 |     2 |       ||     4
 Fire: Shortbow          |     4 |   110 |   396 ||   510
  Use: Potion            |       |     3 |       ||     3
       Scroll            |       |     9 |     5 ||    14
 Stab: Distracted        |       |     1 |       ||     1
       Sleeping          |       |     1 |       ||     1
Armor: Leather armour    |    27 |    19 |    22 ||    68
       Skin              |       |    18 |       ||    18
Dodge: Dodged            |    47 |    51 |    86 ||   184
